 Dungeon Crawl Stone Soup version 0.31-a0-210-gccc998df9b (webtiles) character file.

Game seed: 6468463946844336582

6361 qw the Cleaver (level 10, 0/65 HPs)
             Began as a Gargoyle Fighter on June 30, 2023.
             Was a Follower of Okawaru.
             Slain by Psyche
             ... wielding a +4 dagger of chaos
              (12 damage)
             ... on level 8 of the Dungeon.
             The game lasted 00:06:39 (10211 turns).

qw the Cleaver (Gargoyle Fighter)                  Turns: 10211, Time: 00:06:40

Health: 0/65       AC:  0    Str: 24    XL:     10   Next: 96%
Magic:  12/12      EV: 14    Int:  9    God:    Okawaru [*.....]
Gold:   407        SH:  5    Dex:  9    Spells: 9/9 levels left

rFire   + . .        o - melded +3 broad axe (heavy)
rCold   + . .        c - melded +0 buckler
rNeg    + . .        f - melded +0 plate armour
rPois   inf          a - melded +0 helmet
rElec   +            i - melded +2 cloak
rCorr   +            h - melded +2 pair of gloves
SInv    .            p - melded +2 pair of boots
Will    .....        m - amulet of reflection
Stlth   +            (ring currently unavailable)
HPRegen 0.30/turn    (ring currently unavailable)
MPRegen 0.13/turn

%: reflection
@: pig-form, resistant, very quick
A: fast, no casting, sickness immunity, AC +7, small, negative energy resistance
1, (electricity resistance), torment resistance 1, petrification resistance
a: Renounce Religion, Heroism


You were on level 8 of the Dungeon.
You worshipped Okawaru.
Okawaru was aware of your devotion.
You were a filthy swine.
You visited 2 branches of the dungeon, and saw 10 of its levels.
You also visited: Ossuary.

You collected 443 gold pieces.
You spent 36 gold pieces at shops.


Innate Abilities, Weirdness & Mutations

You are a filthy swine.
You move quickly.
Your equipment is almost entirely melded.
You are incapable of wielding weapons or throwing items.
You cannot cast spells.
You are immune to sickness and miasma.
((Your stone body is resilient. (AC +7)))
You are immune to poison.
You resist negative energy. (rN+)
((You are resistant to electric shocks. (rElec)))
You are resistant to unholy torment.
You are immune to petrification.


   Skills:
 - Level 8.6 Fighting
 - Level 11.0 Axes
 + Level 1.1 Throwing
 - Level 8.1 Armour
 - Level 1.5 Dodging
 - Level 5.0 Shields
 + Level 2.8 Invocations


You had 9 spell levels left.
You didn't know any spells.
Your spell library was empty.

Inventory:

Hand Weapons
 o - a +3 heavy broad axe (melded)
 s - a +1 flail of protection
Missiles
 n - a boomerang
 t - a silver javelin
Armour
 a - a +0 helmet (melded)
 c - a +0 buckler (melded)
 f - a +0 plate armour (melded)
 h - a +2 pair of gloves (melded)
 i - a +2 cloak (melded)
 p - a +2 pair of boots (melded)
Jewellery
 m - an amulet of reflection (around neck)
Wands
 q - a wand of digging (4)
Scrolls
 l - 5 scrolls of identify
 u - a scroll of teleportation
Potions
 b - a potion of lignification
 d - 3 potions of might
 e - a potion of magic
 g - 3 potions of curing
 j - a potion of cancellation
 k - 3 potions of enlightenment
 r - a potion of attraction

Dungeon Overview and Level Annotations

Branches:
Dungeon (9/15)             Temple (1/1) D:7         Ossuary (visited)
   Lair: D:8-11         Orc: D:9-12

Altars:
Ashenzari
Cheibriados
Dithmenos
Elyvilon
Fedhas
Gozag
Hepliaklqana
Kikubaaqudgha
Makhleb
Nemelex Xobeh
Okawaru
Qazlal
Ru
Sif Muna
Trog
Uskayaw
Vehumet
Wu Jian
Xom
Yredelemnul
Zin
The Shining One

Shops:
D:4 :   D:8 ?

Annotations:
D:5 1 runed translucent door, qw's ghost, novice DEHu
D:6 2 runed translucent doors
D:8 Psyche


Message History

Your +2 pair of boots melds into your body.
Your +0 buckler melds into your body.
Your +0 plate armour melds into your body.
10201 ||| STAIRDANCE Something hits you!
Something burns you.
You climb upwards.
Reactivating autopickup.
There is a stone staircase leading down here.
You start resting.
Something completely misses you. Something hits you!
Deactivating autopickup; reactivate with Ctrl-A.
Autopickup is now on.
You start resting.
Something hits you.
Deactivating autopickup; reactivate with Ctrl-A.
Autopickup is now on.
You start resting.
Something hits you! Something burns you.
Deactivating autopickup; reactivate with Ctrl-A.
Autopickup is now on.
You start resting.
Something completely misses you.
You hear some strange, mumbled words.
Something barely misses you.
You hear some strange, mumbled words.
A swirling arc of seething chaos appears!
An arc of chaos appears from out of thin air!
Deactivating autopickup; reactivate with Ctrl-A.
The arc of chaos hits you!
You bite something! Something hits you.
You feel protected.
You miss something.
You hear some strange, mumbled words.
A swirling arc of seething chaos appears!
An arc of chaos appears from out of thin air!
The arc of chaos hits you.
You miss something. Something hits you!
You die...

#.# #..[...........## #.#
#.............(.# #.#
#.###.####.#.#..# #.#####.# #.#
#.#.#..########## #.......# #.#
#.#.#............
##....#.###[####.#.#...#########
###.....................#
.))).....###....{...#..##
#)).......###.#.h.#....#
#.........# #.#.###..#.#
#.........# #.#.# #..#.# ##
####...#.####.#[###..#.# ##~
#...#.# #..[......[.# ##~~
#...#.###...........# #_~~
#..##......#.###.#..########~~
#.......>.##.###.#.###.......~
##.######.##...........####...


There were no monsters in sight!

Vanquished Creatures
  Pikel (D:6)
  Joseph (D:7)
  Maggie (D:8)
  Prince Ribbit (D:6)
  10 yaks
  Sigmund (D:5)
  A shadow (D:6)
  A water moccasin (D:8)
  4 ice beasts
  2 sky beasts
  2 black bears
  2 ogres
  3 centaurs
  A lemure (D:6)
  2 kobold brigands
  4 elf zombies (Ossuary)
  A gnoll sergeant (D:6)
  A scorpion (D:6)
  2 bullfrogs
  6 killer bees (D:8)
  3 howler monkeys
  A centaur zombie (Ossuary)
  7 human zombies (Ossuary)
  3 hounds (D:5)
  A jelly (D:5)
  3 orc priests
  5 iguanas
  A gnoll bouda (D:6)
  6 orc wizards
  3 mummies (Ossuary)
  Robin (D:2)
  8 gnolls (D:6)
  7 adders
  A shadow imp (D:6)
  A worm zombie (D:4)
  4 dart slugs
  2 worms
  26 orcs
  2 bats
  8 endoplasms
  4 giant cockroaches
  11 hobgoblins
  2 jackals (D:1)
  3 quokkas
  2 ball pythons (D:3)
  3 frilled lizards
  13 goblins
  A hobgoblin zombie (D:4)
  19 kobolds
  A kobold zombie (D:4)
  3 rats
202 creatures vanquished.

Notes
Turn   | Place    | Note
-------+----------+-------------------------------------------
     0 | D:1      | qw the Gargoyle Fighter began the quest for the Orb.
     0 | D:1      | Reached XP level 1. HP: 14/14 MP: 1/1
     0 | D:1      | 0 ||| qw: Version: 0.3-a-24-ga2abf7b
     0 | D:1      | 0 ||| qw: Game counter: 7096
     0 | D:1      | 0 ||| qw: Melee chars always use a shield: true
     0 | D:1      | 0 ||| qw: God list: Okawaru
     0 | D:1      | 0 ||| qw: Allow faded altars: false
     0 | D:1      | 0 ||| qw: Do Orc after clearing Dungeon:15 true
     0 | D:1      | 0 ||| qw: Do second Lair branch before Depths: true
     0 | D:1      | 0 ||| qw: Lair rune preference: random
     0 | D:1      | 0 ||| qw: Goals: Normal, Zot:1-4, Slime:5, God:TSO, Crypt,
                  | Tomb, Abyss, Pan, Hells, Win
     0 | D:1      | 0 ||| PLANNING D:1-11
    47 | D:1      | Reached skill level 2 in Axes
    92 | D:1      | HP: 2/14 [hobgoblin (4)]
   241 | D:1      | Reached XP level 2. HP: 19/19 MP: 2/2
   285 | D:1      | 285 ||| DROPPING +0 club.
   490 | D:1      | Reached skill level 3 in Axes
   538 | D:1      | Reached XP level 3. HP: 23/23 MP: 3/3
   690 | D:1      | You fall into a shaft and drop 1 floor!
   764 | D:2      | Identified the +10 dagger "Liojodovew" {flame, rF++ rC-
                  | rCorr}
   854 | D:2      | 854 ||| UPGRADING to +2 cloak.
   859 | D:2      | 859 ||| READING scroll labelled LOGUFOPHEIS.
   860 | D:2      | 860 ||| READING 2 scrolls labelled VAIQ ZEFIU.
   861 | D:2      | 861 ||| READING scroll labelled QUPPYU BEUTWO.
   862 | D:2      | 862 ||| READING scroll labelled BIZANN KIOTALI.
   863 | D:2      | 863 ||| READING scroll labelled DODIMO ITWICK.
   864 | D:2      | 864 ||| DROPPING scroll of revelation.
  1339 | D:2      | Reached XP level 4. HP: 26/28 MP: 4/4
  1346 | D:2      | Noticed Robin
  1357 | D:2      | Reached skill level 4 in Axes
  1357 | D:2      | Killed Robin
  1520 | D:2      | 1520 ||| UPGRADING to +0 helmet.
  1525 | D:2      | 1525 ||| DROPPING ring of wizardry.
  1526 | D:2      | 1526 ||| READING scroll labelled QITILA LEQUMP.
  1527 | D:2      | 1527 ||| READING scroll labelled FAGHIGR MEJAO.
  1528 | D:2      | 1528 ||| READING scroll labelled HUZOTR TYMIEKAS.
  1529 | D:2      | 1529 ||| DRINKING 2 bubbling inky potions.
  1530 | D:2      | 1530 ||| DROPPING potion of degeneration.
  1583 | D:3      | 1583 ||| DROPPING +0 mace.
  1642 | D:3      | 1642 ||| Stepping ~*~*~tactically~*~*~ (stealth).
  1658 | D:3      | 1658 ||| Stepping ~*~*~tactically~*~*~ (hiding).
  1661 | D:3      | 1661 ||| Stepping ~*~*~tactically~*~*~ (hiding).
  1845 | D:3      | 1845 ||| Stepping ~*~*~tactically~*~*~ (stealth).
  1847 | D:3      | 1847 ||| Stepping ~*~*~tactically~*~*~ (stealth).
  1882 | D:3      | 1882 ||| Stepping ~*~*~tactically~*~*~ (hiding).
  1888 | D:3      | Reached XP level 5. HP: 32/32 MP: 5/5
  1894 | D:3      | Reached skill level 5 in Axes
  2248 | D:3      | 2248 ||| DROPPING +2 mace of protection.
  2530 | D:3      | 2530 ||| UPGRADING to +0 plate armour.
  2540 | D:3      | 2540 ||| DROPPING +0 scale mail.
  2541 | D:3      | 2541 ||| DROPPING scarf of invisibility.
  2542 | D:3      | 2542 ||| UPGRADING to +2 pair of boots.
  2547 | D:3      | 2547 ||| UPGRADING to amulet of reflection.
  2552 | D:3      | 2552 ||| DRINKING 2 brown potions.
  2553 | D:3      | 2553 ||| DRINKING 2 green potions.
  2594 | D:4      | 2594 ||| PLANNING OSSUARY
  2874 | D:4      | 2874 ||| FLEEEEING.
  2875 | D:4      | 2875 ||| DRINKING potion of curing.
  2875 | D:4      | 2875 ||| (to cure confusion)
  2877 | D:4      | Reached XP level 6. HP: 38/38 MP: 6/6
  2981 | D:4      | Found Ikhlosuw's Book Emporium.
  3162 | D:4      | Found a sand-covered staircase.
  3172 | D:4      | 3172 ||| UPGRADING to +0 pair of gloves.
  3177 | D:4      | 3177 ||| READING scroll labelled XOIXI RIAMUPE.
  3178 | D:4      | 3178 ||| READING scroll labelled RASAIL SULYI.
  3183 | D:4      | 3183 ||| READING 3 scrolls of identify.
  3183 | D:4      | 3183 ||| IDENTIFYING puce potion
  3184 | D:4      | 3184 ||| READING 2 scrolls of identify.
  3184 | D:4      | 3184 ||| IDENTIFYING sedimented grey potion
  3215 | Ossuary  | Entered an ossuary
  3383 | Ossuary  | Reached skill level 6 in Axes
  3383 | Ossuary  | Reached XP level 7. HP: 43/43 MP: 7/7
  3440 | Ossuary  | Reached skill level 7 in Axes
  3484 | Ossuary  | 3484 ||| READING scroll labelled AGISIS AFFIXO.
  3485 | Ossuary  | 3485 ||| READING scroll labelled UMPICH MICO.
  3486 | Ossuary  | 3486 ||| DRINKING 2 sedimented blue potions.
  3525 | Ossuary  | 3525 ||| DRINKING 3 ruby potions.
  3535 | D:4      | 3535 ||| PLANNING D:1-11
  3581 | D:5      | Entered Level 5 of the Dungeon
  3649 | D:5      | Reached XP level 8. HP: 48/48 MP: 8/8
  3662 | D:5      | Reached skill level 1 in Dodging
  3663 | D:5      | HP: 8/49 [ogre/+0 giant club (10)]
  3664 | D:5      | 3664 ||| READING 3 scrolls of teleportation.
  3665 | D:5      | 3665 ||| DRINKING 2 potions of heal wounds.
  3904 | D:5      | 3904 ||| READING scroll of enchant armour.
  3904 | D:5      | 3904 ||| ENCHANTING +0 pair of gloves.
  4058 | D:5      | Noticed Sigmund
  4063 | D:5      | 4063 ||| Stepping ~*~*~tactically~*~*~ (stealth).
  4068 | D:5      | Killed Sigmund
  4069 | D:5      | Reached skill level 8 in Axes
  4149 | D:5      | Reached skill level 6 in Armour
  4418 | D:5      | Identified the +7 whip "Wecuyd" {flame, Str+2 Dex+3}
  4476 | D:5      | Reached skill level 6 in Fighting
  4627 | D:5      | Found a runed translucent door.
  4633 | D:5      | Noticed qw's ghost (novice DEHu)
  4746 | D:5      | Found a hazy altar of Hepliaklqana.
  5761 | D:6      | 5761 ||| FLEEEEING.
  5762 | D:6      | 5762 ||| FLEEEEING.
  5767 | D:6      | 5767 ||| STAIRDANCE
  5934 | D:6      | Reached XP level 9. HP: 46/55 MP: 9/9
  6041 | D:6      | HP: 10/55 [yak (11)]
  6042 | D:6      | Reached skill level 9 in Axes
  6042 | D:6      | 6042 ||| READING 2 scrolls of teleportation.
  6042 | D:6      | HP: 1/55 [yak (9)]
  6043 | D:6      | 6043 ||| DRINKING potion of heal wounds.
  6209 | D:6      | 6209 ||| Stepping ~*~*~tactically~*~*~ (hiding).
  6211 | D:6      | 6211 ||| Stepping ~*~*~tactically~*~*~ (hiding).
  6238 | D:6      | HP: 13/55 [orc/+0 hand axe (5)]
  6239 | D:6      | 6239 ||| READING scroll of teleportation.
  6241 | D:6      | Found a stormy altar of Qazlal.
  6241 | D:6      | Found a blossoming altar of Fedhas.
  6429 | D:6      | Noticed Prince Ribbit
  6454 | D:6      | Killed Prince Ribbit
  6718 | D:6      | Found a glowing golden altar of the Shining One.
  6722 | D:6      | Found a bloodstained altar of Trog.
  6761 | D:6      | 6761 ||| Stepping ~*~*~tactically~*~*~ (hiding).
  6935 | D:6      | Found a shimmering altar of Xom.
  6936 | D:6      | Found a burning altar of Makhleb.
  7017 | D:6      | 7017 ||| Stepping ~*~*~tactically~*~*~ (stealth).
  7020 | D:6      | 7020 ||| Stepping ~*~*~tactically~*~*~ (stealth).
  7023 | D:6      | 7023 ||| Stepping ~*~*~tactically~*~*~ (stealth).
  7024 | D:6      | 7024 ||| Stepping ~*~*~tactically~*~*~ (stealth).
  7070 | D:6      | Found a runed translucent door.
  7079 | D:6      | Found a runed translucent door.
  7181 | D:6      | Noticed Pikel
  7210 | D:6      | Killed Pikel
  7211 | D:6      | Reached skill level 10 in Axes
  7211 | D:6      | Reached XP level 10. HP: 56/63 MP: 10/10
  7538 | D:6      | 7538 ||| PLANNING D:1-11
  7579 | D:6      | 7579 ||| PLANNING D:1-11
  7615 | D:7      | 7615 ||| Stepping ~*~*~tactically~*~*~ (stealth).
  7616 | D:7      | 7616 ||| Stepping ~*~*~tactically~*~*~ (stealth).
  7783 | D:7      | 7783 ||| READING scroll of enchant weapon.
  7783 | D:7      | 7783 ||| ENCHANTING +1 war axe.
  7972 | D:7      | 7972 ||| Stepping ~*~*~tactically~*~*~ (stealth).
  7974 | D:7      | 7974 ||| Stepping ~*~*~tactically~*~*~ (stealth).
  7975 | D:7      | 7975 ||| Stepping ~*~*~tactically~*~*~ (stealth).
  8040 | D:7      | 8040 ||| Stepping ~*~*~tactically~*~*~ (stealth).
  8042 | D:7      | 8042 ||| Stepping ~*~*~tactically~*~*~ (stealth).
  8044 | D:7      | 8044 ||| Stepping ~*~*~tactically~*~*~ (stealth).
  8059 | D:7      | 8059 ||| Stepping ~*~*~tactically~*~*~ (hiding).
  8061 | D:7      | 8061 ||| Stepping ~*~*~tactically~*~*~ (hiding).
  8473 | D:7      | 8473 ||| Stepping ~*~*~tactically~*~*~ (stealth).
  8497 | D:7      | Found a staircase to the Ecumenical Temple.
  8498 | D:7      | 8498 ||| PLANNING TEMPLE
  8515 | Temple   | Entered the Ecumenical Temple
  8567 | Temple   | 8567 ||| PLANNING OKAWARU WORSHIP
  8605 | Temple   | Became a worshipper of Warmaster Okawaru
  8606 | Temple   | 8606 ||| PLANNING D:1-11
  8644 | D:7      | 8644 ||| READING scroll of enchant armour.
  8644 | D:7      | 8644 ||| ENCHANTING +1 pair of gloves.
  8661 | D:7      | Noticed Joseph
  8662 | D:7      | 8662 ||| Stepping ~*~*~tactically~*~*~ (stealth).
  8680 | D:7      | Killed Joseph
  8933 | D:7      | 8933 ||| READING 7 scrolls of identify.
  8933 | D:7      | 8933 ||| IDENTIFYING dark potion
  8934 | D:7      | 8934 ||| READING 6 scrolls of identify.
  8934 | D:7      | 8934 ||| IDENTIFYING glowing white potion
  8935 | D:7      | 8935 ||| DROPPING potion of ambrosia.
  9002 | D:8      | 9002 ||| STAIRDANCE
  9183 | D:8      | Reached skill level 11 in Axes
  9190 | D:8      | 9190 ||| DROPPING +0 flail.
  9202 | D:8      | 9202 ||| Stepping ~*~*~tactically~*~*~ (hiding).
  9324 | D:8      | 9324 ||| FLEEEEING.
  9325 | D:8      | 9325 ||| FLEEEEING.
  9326 | D:8      | 9326 ||| FLEEEEING.
  9327 | D:8      | 9327 ||| FLEEEEING.
  9328 | D:8      | 9328 ||| FLEEEEING.
  9329 | D:8      | 9329 ||| FLEEEEING.
  9330 | D:8      | 9330 ||| FLEEEEING.
  9336 | D:8      | 9336 ||| Stepping ~*~*~tactically~*~*~ (hiding).
  9341 | D:8      | Reached * piety under Okawaru
  9342 | D:8      | Reached skill level 1 in Throwing
  9349 | D:8      | 9349 ||| Stepping ~*~*~tactically~*~*~ (stealth).
  9370 | D:8      | 9370 ||| Stepping ~*~*~tactically~*~*~ (hiding).
  9373 | D:8      | 9373 ||| Stepping ~*~*~tactically~*~*~ (hiding).
  9373 | D:8      | 9373 ||| PLANNING D:1-11
  9373 | D:8      | 9373 ||| PLANNING D:1-11
  9374 | D:8      | 9374 ||| Stepping ~*~*~tactically~*~*~ (hiding).
  9403 | D:8      | Reached skill level 1 in Invocations
  9407 | D:8      | Noticed Maggie
  9416 | D:8      | 9416 ||| INVOKING Heroism.
  9423 | D:8      | Killed Maggie
  9423 | D:8      | HP: 13/64 [killer bee (6)]
  9602 | D:8      | 9602 ||| SWAPPING to +3 heavy broad axe.
  9603 | D:8      | 9603 ||| DROPPING +2 war axe.
  9650 | D:8      | Found a snail-covered altar of Cheibriados.
 10016 | D:8      | Found Hixeom's Magic Scroll Shop.
 10019 | D:8      | 10019 ||| SHOPLISTING scroll of acquirement (624 gold, have
                  | 443).
 10019 | D:8      | 10019 ||| BUYING scroll of teleportation (36 gold).
 10019 | D:8      | Bought a scroll of teleportation for 36 gold pieces
 10073 | D:8      | 10073 ||| PLANNING D:1-11
 10081 | D:9      | Noticed Psyche
 10082 | D:9      | 10082 ||| INVOKING Heroism.
 10084 | D:9      | 10084 ||| STAIRDANCE
 10201 | D:9      | 10201 ||| STAIRDANCE
 10210 | D:8      | HP: 12/65 [something/chain of chaos (5)]
 10211 | D:8      | Slain by Psyche

Levels and vault maps discovered:
D:1:      dpeg_chamrin_arrival_tetris, layout_basic
D:2:      layout_rooms, uniq_robin
D:3:      layout_loops_ring, kennysheep_generic_room_2
D:4:      nicolae_cairo_tiling_large, layout_loops_cross, enter_ossuary_3,
          serial_shops, shop
D:5:      mumra_celtic_spiral_tile, layout_loops_ring,
          worldfamousw_hep_ancestral_shrine, ebering_ghost_reflecting_pool,
          dreamdust_wishing_well, uniq_sigmund
D:6:      lemuel_insect_pit, layout_loops_ring,
          grunt_temple_overflow_forces_of_nature,
          nicolae_overflow_hidden_temple, dreamdust_mushroom_princess,
          kennysheep_generic_room_10, uniq_prince_ribbit1, uniq_pikel
D:7:      layout_loops_ring, minmay_temple_entry_statues_fountains,
          serial_aquarium, aquarium_bridge_square [aquarium_subvault_bridge,
          aquarium_subvault_window, aquarium_subvault_bridge,
          aquarium_subvault_wall], aquarium_window_corner, aquarium_window_fake,
          aquarium_view_2c, uniq_joseph
D:8:      layout_loops_ring, kennysheep_slug_shrine, serial_shops,
          nicolae_shop_rolled_up, uniq_maggie
D:9:      layout_cave_pools, enter_bailey_5, columned_hall_lemuel,
          minmay_fractal_squares_diagonal_5, uniq_psyche
Temple:   compressed_dpeg_circular_temple

Skill      XL: |  1  2  3  4  5  6  7  8  9 10 |
---------------+-------------------------------+-----
Axes           | 2 3 4 5 6 7 8 10 11 | 11.0
Fighting       | 4 6 7 8 |  8.6
Armour         | 4 5 6 7 8 |  8.1
Dodging        | 1 |  1.5
Shields        | 4 5 |  5.0
Throwing       | 1 |  1.1
Invocations    | 2 |  2.8

Action                     |  1- 3 |  4- 6 |  7- 9 | 10-12 || total
---------------------------+-------+-------+-------+-------++-------
  Melee: War axe           |   110 |   207 |   304 |   168 ||   789
         Broad axe         |       |       |       |     4 ||     4
         Unarmed           |       |       |       |     3 ||     3
  Throw: Boomerang         |       |       |       |     5 ||     5
         Javelin           |       |       |       |     1 ||     1
 Invoke: Heroism           |       |       |       |     2 ||     2
    Use: Scroll            |     5 |     7 |     6 |     4 ||    22
         Potion            |       |     4 |     4 |       ||     8
 Armour: Scale mail        |    50 |    34 |       |       ||    84
         Plate armour      |       |    60 |   201 |   122 ||   383
  Dodge: Dodged            |    40 |    49 |    75 |    44 ||   208
  Block: Buckler           |    17 |    37 |   139 |    93 ||   286
         Reflection        |       |       |       |     6 ||     6

Table legend:
 A = Non-vault XP
 B = Vault XP
 C = Vault XP percentage of total XP
 D = Non-vault monster count
 E = Vault monster count
 F = Vault count percentage of total count
                 A         B        C        D         E       F
            +---------+---------+-------+---------+---------+-------
      Total |    6270 |    2818 |  31.0 |     163 |      38 |  18.9
            +---------+---------+-------+---------+---------+-------
        D:1 |      47 |       0 |   0.0 |      23 |       0 |   0.0
        D:2 |      50 |      33 |  39.8 |      15 |      11 |  42.3
        D:3 |     149 |       3 |   2.0 |      20 |       3 |  13.0
        D:4 |      61 |       9 |  12.9 |       7 |       3 |  30.0
        D:5 |     912 |     226 |  19.9 |      15 |       1 |   6.2
        D:6 |    1928 |     876 |  31.2 |      29 |       2 |   6.5
        D:7 |    1980 |     475 |  19.3 |      22 |       1 |   4.3
        D:8 |    1107 |     408 |  26.9 |      31 |       2 |   6.1
        D:9 |      36 |       0 |   0.0 |       1 |       0 |   0.0
    Ossuary |       0 |     788 | 100.0 |       0 |      15 | 100.0
            +---------+---------+-------+---------+---------+-------
